Description

This build order is if you spot a proxy pylon and late/no nexus. It's meant to be extremely defensive, as you cut probes and tech to get units out ASAP

VOD

https://www.youtube.com/watch?v=d1uDoY3dbUE

Replay - 2019-11-04 - (P)TLHarstem VS (P)A.I. 1 (Very Easy) (3)

Build Order

Get SALT Encoding   

  12  0:02  Probe  
  14  0:14  Probe  
  14  0:17  Pylon  
  14  0:26  Probe (Chrono Boost)  
  15  0:37  Gateway  
  15  0:38  Probe (Chrono Boost)  
  16  0:45  Probe (Chrono Boost)  
  17  0:50  Assimilator  
  17  0:52  Probe (Chrono Boost)  
  18  0:58  Assimilator  
  18  1:04  Probe (Chrono Boost)  
  18  1:09  Gateway  
  19  1:13  Probe (Chrono Boost)  
  20  1:19  Probe  
  21  1:25  Cybernetics Core  
  21  1:31  Probe  
  22  1:40  Pylon  
  24  2:02  Stargate  
  24  2:04  Stalker  
  26  2:13  Stalker  
  29  2:20  Warp Gate  
  29  2:22  Pylon  
  29  2:45  Oracle (Chrono Boost)  
  32  3:01  Nexus  
  32  3:04  Pylon  
  33  3:18  Robotics Facility  
  34  3:30  Stalker x2  
  37  3:39  Shield Battery  
  38  3:58  Shield Battery  
  37  4:03  Immortal (Chrono Boost)  
  37  4:09  Sentry  
  43  4:10  Zealot  
  49  4:35  Sentry, Zealot  
Spawning Tool Build Advisor. Get it on Overwolf

Go to:

Details

  • Created by: kappadar
  • Published on: Oct 01, 2020
  • Modified on: Oct 01, 2020
  • Patch: 4.11.0
  • Difficulty: Medium
Show
View Real Time Build Order
Export as new Build Order

Comments (0)

There are no comments. Be the first!

Create an account to comment!